 Dungeon Crawl Stone Soup version 0.31-a0-204-g7da18cac08 (webtiles) character file.

Game seed: 686994686691507552

61 qw the Shooter (level 3, -1/20 HPs)
             Began as a Deep Elf Hunter on June 27, 2023.
             Slain by a goblin
             ... wielding a +0 dagger
             ... led by Robin
              (5 damage)
             ... on level 3 of the Dungeon.
             The game lasted 00:00:26 (1583 turns).

qw the Shooter (Deep Elf Hunter)                    Turns: 1583, Time: 00:00:26

Health: -1/20      AC:  7    Str: 10    XL:     3   Next: 83%
Magic:  5/5        EV: 11    Int: 13    God:
Gold:   200        SH:  0    Dex: 18    Spells: 2/2 levels left

rFire   + . .        Y - +0 shortbow (chaos)
rCold   . . .        (shield currently unavailable)
rNeg    . . .        a - +0 ring mail
rPois   .            (no helmet)
rElec   .            h - +0 cloak
rCorr   .            (no gloves)
SInv    .            f - +0 pair of boots
Will    .....        e - amulet of the acrobat
Stlth   +            l - ring of protection from fire
HPRegen 0.23/turn    (no ring)
MPRegen 0.09/turn

%: acrobat
@: no status effects
A: no striking features
a: no special abilities


You were on level 3 of the Dungeon.
You visited 1 branch of the dungeon, and saw 3 of its levels.

You collected 200 gold pieces.


   Skills:
 - Level 1.5 Fighting
 + Level 7.3 Ranged Weapons
 - Level 2.4 Dodging
 - Level 1.2 Stealth


You had 2 spell levels left.
You didn't know any spells.
Your spell library was empty.

Inventory:

Hand Weapons
 Y - a +0 shortbow of chaos (weapon)
Armour
 a - a +0 ring mail (worn)
 f - a +0 pair of boots (worn)
 h - a +0 cloak (worn)
Jewellery
 e - an amulet of the acrobat (around neck)
 l - a ring of protection from fire (left hand)
Scrolls
 g - 2 scrolls of identify
Potions
 j - 2 potions of resistance

Dungeon Overview and Level Annotations

Branches:
Dungeon (3/15)

Altars:


Message History

Robin throws the goblin at you! The hobgoblin barely misses you.
The goblin barely misses you.
You shoot an arrow. The arrow closely misses the goblin.
The goblin misses you.
The hobgoblin hits you but does no damage.
The goblin hits you but does no damage. The hobgoblin hits you.
The hobgoblin barely misses you. The goblin barely misses you.
The goblin closely misses you.
You shoot an arrow. The arrow hits the hobgoblin.
Lightning courses through the hobgoblin!
You kill the hobgoblin!
The hobgoblin hits you but does no damage.
The goblin hits you but does no damage. x2
You shoot an arrow. The arrow barely misses the goblin.
The hobgoblin barely misses you. The goblin barely misses you.
The goblin closely misses you. The goblin hits you but does no damage.
You shoot an arrow. The arrow barely misses the goblin.
The goblin hits you with a +0 dagger. The goblin hits you but does no damage.
The goblin closely misses you. The hobgoblin hits you.
You shoot an arrow. The arrow hits the goblin.
Lightning courses through the goblin!!
You kill the goblin!
The hobgoblin hits you. Robin throws the goblin at you!
The goblin hits you but does no damage. The goblin closely misses you.
You shoot an arrow. The arrow completely misses the goblin.
The hobgoblin hits you.
The goblin hits you but does no damage. x2
The goblin hits you with a +0 club. The goblin barely misses you.
The hobgoblin hits you. The goblin barely misses you.
The goblin hits you with a +0 dagger. Robin hits you with a +0 falchion.
You shoot an arrow.
The arrow hits Robin but does no damage.
Lightning courses through Robin!!
You kill Robin!
The goblin hits you but does no damage. The goblin closely misses you. x2
The hobgoblin barely misses you.
You shoot an arrow. The arrow hits the goblin!
You kill the goblin!
The goblin closely misses you. The hobgoblin barely misses you.
The goblin hits you with a +0 dagger.
You die...

#........##
#.........#
#.........#
#.........#
###.###...#
#. #...# #
+.(.+ #.g.#
#g@.#
......)g)#
...)...!.#
......##.#
.).... .#
###.## .#
#. .. . >.


You could see a hobgoblin (strong) and 2 goblins.

Vanquished Creatures
  Robin (D:3)
  An adder (D:3)
  A dart slug (D:2)
  2 bats
  4 endoplasms
  3 giant cockroaches (D:3)
  8 goblins
  3 hobgoblins
  3 jackals (D:3)
  2 quokkas (D:1)
  4 ball pythons
  2 frilled lizards (D:1)
  A rat (D:2)
35 creatures vanquished.

Notes
Turn   | Place    | Note
-------+----------+-------------------------------------------
     0 | D:1      | qw the Deep Elf Hunter began the quest for the Orb.
     0 | D:1      | Reached XP level 1. HP: 12/12 MP: 3/3
     0 | D:1      | 0 ||| qw: Version: 0.3-a-22-g0ed2b0b
     0 | D:1      | 0 ||| qw: Game counter: 6436
     0 | D:1      | 0 ||| qw: Melee chars always use a shield: true
     0 | D:1      | 0 ||| qw: God list: Okawaru
     0 | D:1      | 0 ||| qw: Allow faded altars: false
     0 | D:1      | 0 ||| qw: Do Orc after clearing Dungeon:15 true
     0 | D:1      | 0 ||| qw: Do second Lair branch before Depths: true
     0 | D:1      | 0 ||| qw: Lair rune preference: random
     0 | D:1      | 0 ||| qw: Goals: Normal
     0 | D:1      | 0 ||| PLANNING D:1-11
   343 | D:1      | Reached skill level 6 in Ranged Weapons
   343 | D:1      | Reached XP level 2. HP: 16/16 MP: 4/4
   562 | D:1      | 562 ||| UPGRADING to +0 cloak.
   567 | D:1      | 567 ||| UPGRADING to amulet of the acrobat.
   572 | D:1      | 572 ||| READING scroll labelled PATOPRE IPSOTA.
   573 | D:1      | 573 ||| READING 2 scrolls labelled FARAZ LEITZ.
   574 | D:1      | 574 ||| READING scroll labelled SUPIRR DAEGIKK.
   578 | D:1      | 578 ||| DROPPING scroll of butterflies.
  1414 | D:2      | 1414 ||| UPGRADING to +0 ring mail.
  1424 | D:2      | 1424 ||| DROPPING +0 leather armour.
  1425 | D:2      | 1425 ||| UPGRADING to +0 pair of boots.
  1430 | D:2      | 1430 ||| UPGRADING to ring of protection from fire.
  1431 | D:2      | 1431 ||| READING scroll labelled TOHOWOF XEOFIV.
  1432 | D:2      | 1432 ||| READING scroll labelled FANAUN BIXOSTRA.
  1433 | D:2      | 1433 ||| READING scroll labelled PESOTIHYOCH.
  1434 | D:2      | 1434 ||| DRINKING 3 glowing orange potions.
  1435 | D:2      | 1435 ||| READING 2 scrolls of identify.
  1435 | D:2      | 1435 ||| IDENTIFYING viscous brown potion
  1436 | D:2      | 1436 ||| DROPPING potion of magic.
  1481 | D:3      | Reached XP level 3. HP: 17/20 MP: 5/5
  1570 | D:3      | Reached skill level 7 in Ranged Weapons
  1573 | D:3      | Noticed Robin
  1581 | D:3      | HP: 3/20 [Robin/+0 falchion (5)]
  1582 | D:3      | Killed Robin
  1583 | D:3      | Slain by a goblin

Levels and vault maps discovered:
D:1:      psy_arrival_spokes, layout_loops_ring, chequers_serial_rivers_micro_e,
          minmay_split_cup_small
D:2:      layout_loops_corners, minmay_octomino_j4
D:3:      layout_basic, mainiacjoe_overflow_cross_hatched,
          mainiacjoe_overflow_six_doors_small, bloody_makhleb,
          hellmonk_ecumenical_altar_inner_sanctum, uniq_robin

Skill      XL: |  1  2  3 |
---------------+----------+-----
Ranged Weapons | 6 7 |  7.3
Fighting       | |  1.5
Dodging        | |  2.4
Stealth        | |  1.2

Action                     || total
---------------------------++-------
   Fire: Shortbow          ||    79
    Use: Scroll            ||     7
         Potion            ||     1
 Armour: Leather armour    ||     1
         Ring mail         ||    15
  Dodge: Dodged            ||    29

Table legend:
 A = Non-vault XP
 B = Vault XP
 C = Vault XP percentage of total XP
 D = Non-vault monster count
 E = Vault monster count
 F = Vault count percentage of total count
                 A         B        C        D         E       F
            +---------+---------+-------+---------+---------+-------
      Total |      55 |      35 |  38.9 |      23 |      12 |  34.3
            +---------+---------+-------+---------+---------+-------
        D:1 |      12 |       5 |  29.4 |       7 |       3 |  30.0
        D:2 |      14 |       1 |   6.7 |       7 |       1 |  12.5
        D:3 |      29 |      29 |  50.0 |       9 |       8 |  47.1
            +---------+---------+-------+---------+---------+-------
